 Dungeon Crawl Stone Soup version 0.29.1-2-gbd0b4ee654 (webtiles) character file.

Game seed: 4428648230138251169

21 jamestheduck25 the Vexing (level 2, 0/22 HPs)
             Began as a Barachi Arcane Marksman on Nov 18, 2022.
             Succumbed to an adder's poison
             ... on level 2 of the Dungeon.
             The game lasted 00:01:10 (1021 turns).

jamestheduck25 the Vexing (Barachi Arcane Marksman) Turns: 1021, Time: 00:01:11

Health: 0/22       AC:  3    Str: 11    XL:     2   Next: 87%
Magic:  2/4        EV: 12    Int: 13    God:
Gold:   49         SH:  0    Dex: 12    Spells: 3/4 levels left

rFire   . . .      SeeInvis .   a - +1 sling (freeze)
rCold   . . .      Faith    .   (no shield)
rNeg    . . .      Spirit   .   c - +1 robe
rPois   .          Reflect  .   (no helmet)
rElec   .          Harm     .   (no cloak)
rCorr   .          Rampage  .   (no gloves)
Will    .....                   (no boots)
Stlth   +.........              (no amulet)
HPRegen 0.07/turn               (no ring)
MPRegen 0.09/turn               (no ring)

@: lethally poisoned (0 -> -8), slow
A: amphibious, slowness 1, strong legs 1, +LOS
a: Hop


You were on level 2 of the Dungeon.
You visited 1 branch of the dungeon, and saw 2 of its levels.

You collected 49 gold pieces.

Inventory:

Hand Weapons
 a - a +1 sling of freezing (weapon)
Armour
 c - a +1 robe (worn)
Scrolls
 b - a scroll of poison
Potions
 d - a potion of lignification {unknown}
 f - a potion of magic {unknown}
 g - a potion of resistance
 h - a potion of invisibility {unknown}
 i - a potion of attraction {unknown}
 k - a potion of brilliance {unknown}


   Skills:
 + Level 1.8 Fighting
 + Level 2.2 Ranged Weapons
 + Level 2.5 Dodging
 + Level 1.5 Spellcasting
 + Level 3.5 Hexes


You had 3 spell levels left.
You knew the following spells:

 Your Spells              Type           Power      Damage    Failure   Level
a - Slow                  Hex            40%        N/A       6%          1

Your spell library contained the following spells:

 Spells                   Type           Power      Damage    Failure   Level
 Inner Flame              Hex/Fire       5%         N/A       36%         3
 Portal Projectile        Hex/Tloc       10%        N/A       36%         3
 Call Canine Familiar     Summ           0%         N/A       63%         3
 Cause Fear               Hex            5%         N/A       52%         4
 Leda's Liquefaction      Hex/Erth       2%         N/A       78%         4


Dungeon Overview and Level Annotations

Branches:
Dungeon (2/15)

Altars:


Innate Abilities, Weirdness & Mutations

You are amphibious.
You cover ground slowly.
You can hop short distances.
You have an extended range of vision and can be seen from far away.


Message History

You are too injured to fight recklessly!
You are too injured to fight recklessly!
You are too injured to fight recklessly!
You are too injured to fight recklessly!
You are too injured to fight recklessly!
Aiming: Slow (safe; 6% risk of failure)
Press: ? - help, Q - select action, (/) - cycle Shift-Dir - straight line, f/p - adder
Aim: an adder (moderately wounded, chance to affect: 57%)
The adder resists with significant effort.
The adder completely misses you.
Aiming: Slow (safe; 6% risk of failure)
Press: ? - help, Q - select action, (/) - cycle Shift-Dir - straight line, f/p - adder
Aim: an adder (moderately wounded, chance to affect: 57%)
The adder resists with significant effort.
The adder closely misses you. x2
Aiming: Slow (safe; 6% risk of failure)
Press: ? - help, Q - select action, (/) - cycle Shift-Dir - straight line, f/p - adder
Aim: an adder (moderately wounded, chance to affect: 57%)
The adder seems to slow down.
The adder bites you but does no damage.
Really attack while wielding your +1 sling of freezing? [Y]es or [N]o only, please.
Really attack while wielding your +1 sling of freezing?
Okay, then.
The adder attacks as you move away! The adder bites you.
You are poisoned.
The adder poisons you!
You feel sick.
You feel sick. The adder bites you.
* * * LOW HITPOINT WARNING * * *
You feel sick.
You are no longer poisoned.
The adder attacks as you move away! The adder closely misses you.
The adder attacks as you move away! The adder closely misses you.
The adder is no longer moving slowly.
You see here a +0 leather armour.
The adder bites you.
* * * LOW HITPOINT WARNING * * *
You are lethally poisoned!
The adder poisons you!
You die...

####.######
....####.######
#.....).....#
###########.# #.# #.#
#####.##### ##.........#
#.. #.@######### #..
#..## #.. #.S.# #..
#...##### #..
####.......# ..
##.......†#.# #.###.
#...#...#.#.###
......#####...##..#.....#
#.........##........#


You could see an adder.

Vanquished Creatures
  A worm (D:2)
  2 dart slugs (D:1)
  2 giant cockroaches
  3 goblins
  A ball python (D:2)
  4 bats
  2 frilled lizards (D:1)
15 creatures vanquished.

Notes
Turn   | Place    | Note
-------+----------+-------------------------------------------
     0 | D:1      | jamestheduck25 the Barachi Arcane Marksman began the quest
                  | for the Orb.
     0 | D:1      | Reached XP level 1. HP: 15/15 MP: 2/2
   288 | D:1      | Reached XP level 2. HP: 21/21 MP: 3/3
   303 | D:1      | Found a faded altar of an unknown god.
  1021 | D:2      | Succumbed to an adder's poison

Illustrated notes

Levels and vault maps discovered:
D:1:      amcnicky_arrival_single_pillar, layout_basic,
          dreamdust_ecumenical_altar_statues, grunt_decor_fettered
D:2:      layout_basic

Action                   || total
-------------------------++-------
 Fire: Sling             ||    57
 Cast: Slow              ||     3
  Use: Scroll            ||     4
Armor: Robe              ||     5
Dodge: Dodged            ||    35
